 Dungeon Crawl Stone Soup version 0.23.0 (webtiles) character file.

Game seed: 6106628059407902423

2 MalarOregon the Magician (level 1, -1/13 HPs)
             Began as a Merfolk Wizard on Feb 18, 2019.
             Slain by a jackal (2 damage)
             ... on level 1 of the Dungeon.
             The game lasted 00:00:28 (71 turns).

MalarOregon the Magician (Merfolk Wizard)             Turns: 71, Time: 00:00:28

Health: -1/13      AC:  2    Str:  7    XL:     1   Next: 40%
Magic:  0/4        EV: 13    Int: 17    God:
Gold:   0          SH:  0    Dex: 12    Spells: 5/6 levels left

rFire    . . .     SeeInvis .   (no weapon)
rCold    . . .     Gourm    .   (no shield)
rNeg     . . .     Faith    .   a - +0 robe
rPois    .         Spirit   .   b - +0 hat
rElec    .         Reflect  .   (no cloak)
rCorr    .         Harm     .   (no gloves)
MR       .....                  (no boots)
Stlth    ++........             (no amulet)
HPRegen  0.04/turn              (no ring)
MPRegen  0.09/turn              (no ring)

@: no status effects
A: change form in water, swift swim, stealthy swim
a: no special abilities


You were on level 1 of the Dungeon.
You were not hungry.

You visited 1 branch of the dungeon, and saw 1 of its levels.

Inventory:

Armour
 a - a +0 robe (worn)
 b - a +0 hat (worn)
Comestibles
 c - a chunk of flesh
 e - a ration {!d}


   Skills:
 + Level 0.2 Fighting
 + Level 2.8 Dodging
 - Level 2.1 Stealth
 + Level 3.0 Spellcasting
 - Level 0.7 Conjurations
   Level 1.0 Summonings
   Level 0.7 Translocations


You had 5 spell levels left.
You knew the following spells:

 Your Spells              Type           Power        Failure   Level  Hunger
a - Magic Dart            Conj           #...         13%         1    None

Your spell library contained the following spells:

 Spells                   Type           Power        Failure   Level  Hunger
 Call Imp                 Summ           #.......     17%         2    ##.....
 Blink                    Tloc           N/A          21%         2    ##.....
 Slow                     Hex            #.......     26%         2    ##.....
 Conjure Flame            Conj/Fire      #.......     41%         3    ###....
 Mephitic Cloud           Conj/Pois/Air  #.......     43%         3    ###....


Dungeon Overview and Level Annotations

Branches:
Dungeon (1/15)

Altars:


Message History

The goblin shouts!
The jackal bites you but does no damage.
A goblin comes into view. It is wielding a +0 dagger.
Aim: a jackal (moderately wounded)
You miscast Magic Dart.
You are very lightly contaminated with residual magic.
Sparks fly from your hands!
Aim: a jackal (moderately wounded)
The magic dart hits the jackal.
The jackal completely misses you.
You completely miss the jackal. The jackal barely misses you.
You barely miss the jackal. The jackal barely misses you.
You barely miss the jackal. The jackal closely misses you. x2
You barely miss the jackal. The jackal closely misses you.
You closely miss the jackal. The jackal misses you.
The jackal barely misses you.
Aim: a jackal (heavily wounded)
The magic dart hits the jackal.
The jackal closely misses you.
You closely miss the jackal. The jackal bites you.
You closely miss the jackal. The jackal misses you. x2
You hit the jackal. The jackal bites you.
You hit the jackal.
You kill the jackal!
The jackal bites you.
You hit the jackal but do no damage. The jackal barely misses you.
You closely miss the jackal. The jackal barely misses you.
You hit the jackal. The jackal barely misses you. The jackal bites you.
* * * LOW HITPOINT WARNING * * *
You miss the jackal. The jackal bites you.
* * * LOW HITPOINT WARNING * * *
You closely miss the jackal. The jackal barely misses you.
The jackal bites you but does no damage.
Unknown command.
You miss the jackal.
The jackal bites you but does no damage.
You hit the jackal but do no damage. The jackal misses you.
Your magical contamination has completely faded away.
Aim: a jackal (heavily wounded)
The magic dart hits the jackal.
The jackal closely misses you.
The jackal bites you but does no damage.
You closely miss the jackal. The jackal completely misses you.
You closely miss the jackal. The jackal completely misses you.
The jackal closely misses you.
You closely miss the jackal. The jackal barely misses you.
You closely miss the jackal.
The jackal bites you but does no damage.
You closely miss the jackal. The jackal closely misses you.
The jackal bites you.
* * * LOW HITPOINT WARNING * * *
You completely miss the jackal. The jackal bites you.
You die...

..... +#.....
....... .......
....h ..g
.###########g#
........@hhh#
#......##g.#
#+##......÷#..###
.......∩..........
.............####.
.......<.........
.............#...
.....⌠...⌠...#....
.............# ...


You could see 3 jackals and 2 goblins.

Vanquished Creatures
  A bat (D:1)
  A jackal (D:1)
2 creatures vanquished.

Notes
Turn   | Place    | Note
-------+----------+-------------------------------------------
     0 | D:1      | MalarOregon the Merfolk Wizard began the quest for the Orb.
     0 | D:1      | Reached XP level 1. HP: 13/13 MP: 4/4
    71 | D:1      | Slain by a jackal

Action                   || total
-------------------------++-------
Melee: Unarmed           ||    22
 Cast: Magic Dart        ||     7
Armor: Robe              ||     5
Dodge: Dodged            ||    23
